Map: Deathaura LE

Players

PattyMac - Winner!

  • Race: Protoss Protoss
  • Spawn Location: 11:00

Epic

  • Race: Terran Terran
  • League: Grandmaster
  • Spawn Location: 5:00

Event: DreamHack SC2 Masters 2020 Winter

VOD

Have the link to the VOD?

Description

Time

  • Played on: Oct. 15, 2020, 7:28 p.m.
  • Length: 15:22

All games in this series

Show
View Real Time Build Order
Export as new Build Order

PattyMac Protoss - Winner!

Build Orders: 1 Gate Expand, Blink Stalkers, Zealot Archon 

Get SALT Encoding   

  12  0:00  Probe  
  13  0:12  Probe  
  14  0:17  Pylon  
  14  0:24  Probe (Chrono Boost)  
  16  0:37  Probe (Chrono Boost), Gateway  
  16  0:42  Probe (Chrono Boost)  
  16  0:47  Assimilator  
  17  0:52  Probe  
  18  1:05  Probe  
  19  1:17  Probe  
  20  1:24  Cybernetics Core  
  20  1:33  Nexus  
  20  1:36  Probe  
  21  1:43  Pylon  
  21  1:48  Probe  
  21  1:50  Assimilator  
  22  1:58  Adept (Chrono Boost)  
  22  2:00  Probe  
  25  2:03  Warp Gate  
  25  2:13  Probe (Chrono Boost)  
  26  2:20  Stalker  
  28  2:25  Probe (Chrono Boost)  
  29  2:32  Probe (Chrono Boost)  
  30  2:42  Probe (Chrono Boost)  
  30  2:44  Twilight Council  
  31  2:45  Probe (Chrono Boost)  
  33  2:54  Probe (Chrono Boost)  
  33  2:55  Probe (Chrono Boost), Robotics Facility  
  34  2:59  Probe (Chrono Boost)  
  34  3:03  Probe  
  36  3:09  Gateway  
  36  3:11  Probe  
  37  3:15  Probe (Chrono Boost)  
  38  3:20  Assimilator  
  38  3:21  Blink (Chrono Boost)  
  38  3:23  Probe (Chrono Boost)  
  38  3:30  Assimilator  
  38  3:33  Probe (Chrono Boost)  
  40  3:34  Probe (Chrono Boost)  
  40  3:39  Probe (Chrono Boost)  
  40  3:40  Probe (Chrono Boost)  
  42  3:42  Observer  
  42  3:44  Pylon  
  43  3:49  Probe  
  43  3:51  Stalker  
  46  4:02  Probe x2  
  48  4:04  Nexus  
  48  4:09  Observer (Chrono Boost)  
  49  4:10  Stalker  
  49  4:14  Probe  
  49  4:15  Stalker  
  54  4:20  Observer  
  54  4:21  Pylon  
  54  4:24  Pylon  
  54  4:32  Gateway  
  54  4:39  Probe x2, Observer  
  54  4:45  Stalker x2  
  61  4:51  Probe x2  
  63  5:01  Observer  
  63  5:03  Probe x2  
  63  5:06  Robotics Bay  
  65  5:08  Forge  
  65  5:15  Charge  
  65  5:16  Probe (Chrono Boost)  
  65  5:17  Observer  
  65  5:19  Pylon  
  65  5:20  Probe x2 (Chrono Boost)  
  68  5:25  Probe (Chrono Boost)  
  68  5:26  Observer  
  68  5:28  Observer  
  71  5:29  Probe x2 (Chrono Boost)  
  71  5:30  Probe (Chrono Boost)  
  71  5:35  Gateway  
  72  5:38  Gateway  
  72  5:40  Protoss Ground Weapons Level 1 (Chrono Boost)  
  72  5:41  Gateway  
  72  5:43  Pylon  
  72  5:45  Zealot x2  
  72  5:46  Probe x2 (Chrono Boost)  
  78  5:50  Probe (Chrono Boost)  
  78  5:53  Assimilator  
  78  5:55  Observer  
  78  5:56  Assimilator  
  81  5:59  Probe (Chrono Boost), Stalker  
  81  6:00  Probe x2 (Chrono Boost)  
  84  6:05  Stalker  
  84  6:08  Probe x2  
  84  6:09  Colossus (Chrono Boost)  
  84  6:11  Probe  
  95  6:14  Pylon  
  95  6:20  Probe x2  
  95  6:23  Probe  
  95  6:24  Sentry  
  100  6:26  Extended Thermal Lance  
  100  6:30  Templar Archives  
  100  6:31  Gateway  
  100  6:32  Probe x2  
  102  6:39  Pylon  
  102  6:42  Forge  
  102  6:45  Colossus (Chrono Boost)  
  108  6:49  Gateway  
  108  6:52  Pylon  
  108  6:53  Pylon  
  108  7:04  Zealot x5  
  108  7:06  Pylon  
  116  7:13  Zealot  
  117  7:16  Pylon  
  117  7:18  Pylon  
  117  7:20  Protoss Ground Armor Level 1  
  117  7:21  Shield Battery  
  117  7:24  Colossus (Chrono Boost), High Templar x2  
  117  7:28  Archon  
  117  7:29  High Templar x2  
  131  7:31  Zealot x2  
  131  7:35  Archon  
  135  7:50  Zealot x2  
  132  7:54  Zealot  
  132  7:55  Zealot  
  124  8:01  Probe x2  
  124  8:02  Probe  
  113  8:07  Stalker x2  
  113  8:08  Stalker  
  119  8:13  Probe, Stalker x2  
  119  8:14  Probe x2  
  119  8:15  Warp Prism (Chrono Boost)  
  128  8:21  Zealot x3  
  134  8:29  Probe x2  
  134  8:32  Dark Shrine  
  136  8:39  Stalker x2  
  138  8:44  Zealot x3  
  144  8:50  Shield Battery  
  144  8:51  Shield Battery  
  144  9:06  Stalker x3  
  140  9:13  Zealot x2  
  140  9:14  Zealot x5  
  108  9:30  Colossus (Chrono Boost)  
  90  9:31  Observer  
  90  9:35  Nexus  
  86  9:45  High Templar x2  
  86  9:46  High Templar x2  
  86  9:48  Dark Templar x2  
  98  9:54  Archon  
  98  9:55  Zealot x2  
  98  9:56  Archon  
  98  9:57  Probe  
  98  9:58  Probe, Protoss Ground Armor Level 2 (Chrono Boost)  
  104  10:00  Pylon  
  104  10:09  Probe  
  104  10:10  Probe  
  104  10:13  Protoss Ground Weapons Level 2 (Chrono Boost)  
  106  10:14  Probe  
  106  10:18  Zealot x4  
  106  10:20  Colossus (Chrono Boost)  
  116  10:21  Probe  
  122  10:32  Zealot  
  122  10:33  Zealot x2  
  128  10:42  Probe  
  129  10:47  Shield Battery  
  129  10:50  Photon Cannon  
  129  10:57  Stalker x4  
  131  10:58  Robotics Facility  
  131  11:00  Disruptor (Chrono Boost)  
  131  11:03  Probe x2  
  142  11:04  Probe  
  142  11:06  Probe  
  144  11:15  Probe x2  
  144  11:26  Disruptor (Chrono Boost)  
  144  11:31  Probe x2  
  149  11:33  Assimilator  
  149  11:36  Assimilator, High Templar x4  
  157  11:43  Probe  
  157  11:44  Archon  
  157  11:45  Zealot x2, Archon  
  162  11:50  Probe x2  
  162  11:51  Disruptor (Chrono Boost)  
  162  11:52  Nexus  
  162  11:53  Pylon  
  167  11:56  Pylon  
  167  11:57  Shadow Stride  
  167  11:58  Gateway  
  167  12:02  Gateway  
  167  12:09  Disruptor (Chrono Boost)  
  167  12:14  Stalker x4, Shield Battery  
  167  12:15  Stalker x2  
  182  12:24  Disruptor (Chrono Boost)  
  185  12:32  Dark Templar  
  185  12:34  Dark Templar  
  181  12:51  Zealot x2  
  181  12:55  Zealot  
  181  12:56  Zealot x2  
  180  13:08  Stalker x5  
  190  13:13  Disruptor  
  151  13:28  Stalker  
  151  13:29  Stalker x4  
  151  13:31  Probe  
  151  13:32  Probe x2  
  164  13:39  Probe  
  165  13:44  Dark Templar x4  
  173  13:50  Dark Templar  
  173  13:53  Nexus  
  173  13:55  Pylon  
  175  14:01  Dark Templar  
  175  14:02  Dark Templar x2  
  175  14:03  Zealot  
  175  14:07  Disruptor  
  169  14:28  Disruptor (Chrono Boost)  
  169  14:30  Stalker x3  
  169  14:31  Zealot x4  
  183  14:43  Disruptor (Chrono Boost)  
  151  14:54  Zealot x7  
  151  14:59  Probe  
  160  15:00  Probe  
  152  15:18  Zealot x4  
  152  15:19  Zealot x4  
Show
View Real Time Build Order
Export as new Build Order

Epic Terran 

Build Orders: Reaper Expand 

Get SALT Encoding   

  12  0:00  SCV  
  13  0:12  SCV  
  14  0:17  Supply Depot  
  14  0:24  SCV  
  15  0:38  SCV  
  15  0:39  Barracks  
  16  0:43  Refinery  
  16  0:50  SCV  
  17  1:02  SCV  
  18  1:14  SCV  
  19  1:26  Orbital Command  
  19  1:27  Reaper  
  20  1:44  Command Center  
  20  1:52  SCV  
  21  1:56  Supply Depot  
  21  1:59  Marine  
  22  2:04  SCV  
  23  2:11  Factory  
  23  2:18  SCV  
  23  2:21  Barracks Reactor  
  24  2:23  Refinery  
  24  2:30  Bunker  
  24  2:31  SCV  
  25  2:43  SCV  
  26  2:55  SCV, Orbital Command  
  26  2:58  Starport, Marine  
  28  3:00  Marine  
  28  3:04  Widow Mine  
  31  3:07  SCV  
  32  3:16  Marine  
  32  3:17  Marine  
  32  3:19  SCV  
  35  3:23  SCV  
  35  3:26  Widow Mine  
  37  3:34  Medivac  
  37  3:35  SCV x2  
  41  3:45  Command Center  
  41  3:47  Widow Mine  
  43  3:49  SCV  
  43  3:51  SCV  
  43  3:54  Supply Depot  
  45  4:06  SCV  
  45  4:07  Barracks  
  46  4:10  Barracks  
  46  4:12  Starport Tech Lab, Factory Tech Lab  
  46  4:15  SCV  
  47  4:17  Marine  
  47  4:18  SCV, Marine  
  47  4:22  Engineering Bay  
  50  4:28  SCV  
  50  4:30  SCV, Raven  
  54  4:40  Supply Depot, Refinery  
  54  4:56  Marine x2  
  54  4:57  SCV x2, Terran Infantry Weapons Level 1  
  54  4:59  Orbital Command  
  58  5:00  Stimpack  
  58  5:01  Marauder  
  60  5:08  Factory Reactor  
  60  5:09  SCV x2  
  62  5:14  Refinery  
  62  5:18  Barracks  
  62  5:19  Barracks  
  62  5:21  Starport Reactor  
  62  5:22  Marauder x2, Orbital Command, Marine  
  62  5:23  Marine  
  62  5:24  SCV  
  62  5:26  SCV  
  62  5:27  Combat Shield  
  70  5:36  Supply Depot  
  70  5:38  SCV x2  
  70  5:40  Supply Depot  
  72  5:44  Marauder x2, Marine  
  77  5:53  Supply Depot  
  77  5:57  SCV x3, Marine  
  77  5:58  Widow Mine x2  
  77  6:01  Medivac x2  
  77  6:03  Marine  
  90  6:10  Barracks Reactor, Barracks Tech Lab  
  92  6:11  SCV, Marauder  
  92  6:15  SCV x2, Marauder  
  92  6:17  Supply Depot x2  
  97  6:21  Widow Mine x2  
  101  6:28  Missile Turret  
  101  6:31  Supply Depot  
  101  6:33  Supply Depot  
  101  6:38  SCV x2, Medivac x2, Marine x2  
  101  6:39  SCV  
  110  6:41  Supply Depot  
  110  6:45  Marauder x2  
  114  6:48  Widow Mine  
  114  6:50  SCV  
  114  6:53  SCV x2  
  114  6:54  Widow Mine  
  121  6:57  Supply Depot  
  121  6:58  Marine x4  
  125  7:07  SCV x3  
  122  7:16  Medivac x2  
  122  7:20  Marauder x3, Marine x4  
  122  7:22  Supply Depot  
  140  7:23  Terran Infantry Armor Level 1  
  140  7:26  SCV x3  
  140  7:28  Ghost Academy  
  139  7:30  Refinery  
  139  7:31  Refinery  
  139  7:37  Supply Depot  
  139  7:40  SCV x2  
  128  7:55  Viking x2  
  128  7:56  Marauder x3, Marine x2  
  128  7:58  SCV x3  
  125  8:08  Starport  
  123  8:17  Marauder x2, Marine  
  123  8:18  Marine x4  
  132  8:23  Armory, Engineering Bay  
  132  8:25  Viking x2  
  127  8:35  Marine x3  
  127  8:36  Marauder  
  127  8:37  Marine  
  127  8:39  Marauder x2  
  127  8:41  Enhanced Shockwaves  
  137  8:43  Missile Turret  
  137  8:46  Viking x2  
  137  8:48  Missile Turret  
  141  8:53  Marine x3  
  141  8:54  Marine  
  145  8:57  Marine  
  145  9:01  Viking x2  
  149  9:07  Marauder x2  
  142  9:14  Marine x4  
  142  9:15  Marauder  
  142  9:16  Viking x2  
  115  9:19  SCV x2  
  115  9:20  SCV  
  106  9:28  Marine  
  91  9:31  Marauder, Marine x2  
  91  9:32  SCV x2, Widow Mine  
  91  9:33  SCV  
  91  9:37  Marauder  
  94  9:44  SCV  
  94  9:45  SCV x2  
  94  9:46  Marauder  
  94  9:48  Medivac x2, Marine  
  107  9:53  Terran Infantry Armor Level 2, Terran Infantry Weapons Level 2  
  107  9:57  SCV x3, Marine x3  
  107  9:59  Marauder  
  109  10:02  Marauder  
  111  10:09  SCV x3  
  111  10:13  Liberator  
  117  10:21  SCV x3  
  120  10:25  Ghost  
  120  10:26  Command Center  
  120  10:27  Ghost  
  123  10:29  Marine  
  123  10:30  Marine x2  
  123  10:34  Ghost  
  128  10:40  Viking  
  130  10:47  Viking  
  132  10:51  Supply Depot  
  132  10:52  Supply Depot  
  132  10:56  Missile Turret  
  136  10:57  Ghost  
  136  10:58  Missile Turret, Marine x4  
  136  10:59  Ghost  
  136  11:03  Missile Turret  
  139  11:05  Missile Turret  
  138  11:13  Ghost  
  143  11:27  Ghost x2  
  143  11:30  Marine x2  
  143  11:31  Marine x2  
  145  11:41  Command Center  
  145  11:43  Viking x4  
  153  11:52  SCV x2  
  153  11:53  SCV  
  155  11:59  Bunker, Marauder x3  
  161  12:02  Supply Depot  
  161  12:04  SCV, Marine x4  
  166  12:08  Planetary Fortress  
  166  12:13  Missile Turret  
  160  12:33  Marauder x3, Marine x4  
  169  12:40  Terran Infantry Weapons Level 3, Terran Infantry Armor Level 3  
  169  12:42  SCV x3  
  172  12:45  SCV  
  172  12:46  Refinery, Missile Turret  
  172  12:47  Refinery  
  173  12:55  Marine x2  
  173  12:56  Marauder x3, Marine x2  
  173  12:57  Orbital Command  
  182  13:06  Terran Ship Weapons Level 1  
  182  13:12  SCV x3  
  170  13:23  Marauder x3, Marine x2  
  170  13:27  Marine x2, Liberator x2  
  151  13:35  SCV x3  
  151  13:37  Barracks  
  151  13:40  Liberator  
  151  13:41  Barracks  
  157  13:45  Marine  
  157  13:46  Marine x3  
  157  13:47  Marauder x3  
  167  13:52  Liberator  
  170  14:00  SCV x3  
  160  14:04  Fusion Core  
  160  14:05  Marine  
  160  14:06  Marine x3  
  160  14:08  Marauder x3  
  168  14:12  Liberator  
  168  14:16  Barracks  
  169  14:23  Marine  
  148  14:26  Marine x3  
  148  14:29  Marauder x2  
  148  14:30  Marauder  
  153  14:32  Barracks Tech Lab x2  
  153  14:36  Command Center  
  153  14:38  Medivac x2  
  134  14:52  Marauder x2, Marine x4  
  105  14:53  Marauder  
Tags
 
Add a new tag
Caveats
  • Supply blocks, unpowered buildings, or Contaminate may cause inaccurate times.
  • Supply counts are checked every 10 seconds.